 Dungeon Crawl Stone Soup version 0.29-a0-40-g8eb35efe60 (webtiles) character file.

Game seed: 746582224804620076

434 ragingrage the Ogre Mage (level 7, 0/68 HPs)
             Began as an Ogre Fire Elementalist on Feb 1, 2022.
             Succumbed to a killer bee's poison
             ... on level 4 of the Dungeon.
             The game lasted 00:03:40 (4040 turns).

ragingrage the Ogre Mage (Ogre Fire Elementalist)   Turns: 4040, Time: 00:03:41

Health: 0/68       AC:  3    Str: 13    XL:     7   Next: 0%
Magic:  7/13       EV:  9    Int: 24    God:
Gold:   76         SH:  0    Dex:  9    Spells: 5/15 levels left

rFire   + + .      SeeInvis .   k - +2 short sword (elec)
rCold   . . .      Faith    .   (no shield)
rNeg    . . .      Spirit   .   a - +0 robe
rPois   +          Reflect  .   (helmet restricted)
rElec   +          Harm     .   (no cloak)
rCorr   +          Rampage  .   (gloves unavailable)
Will    .....                   (boots unavailable)
Stlth   +.........              g - amulet of magic regeneration
HPRegen 0.21/turn               h - ring of fire
MPRegen 0.53/turn               j - +6 ring of intelligence

@: lethally poisoned (0 -> -9), resistant, hasted, very quick
A: large, unfitting armour, tough skin 1, horns 1, screaming 1
a: no special abilities


You were on level 4 of the Dungeon.
You visited 1 branch of the dungeon, and saw 4 of its levels.

You collected 76 gold pieces.

Inventory:

Hand Weapons
 k - a +2 short sword of electrocution (weapon)
 p - a +4 falchion of holy wrath
Armour
 a - a +0 robe (worn)
Jewellery
 g - an amulet of magic regeneration (around neck)
 h - a ring of fire (left hand)
 j - a +6 ring of intelligence (right hand)
Scrolls
 b - 7 scrolls of identify {unknown}
 c - a scroll of noise {unknown}
 d - a scroll of teleportation {unknown}
 f - a scroll of acquirement {unknown}
 m - a scroll of brand weapon {unknown}
 o - a scroll of enchant armour {unknown}
 q - a scroll of amnesia {unknown}
Potions
 e - a potion of resistance


   Skills:
 + Level 3.7 Fighting
 - Level 1.7 Dodging
 - Level 1.4 Stealth
 + Level 4.5 Spellcasting
 + Level 3.2 Conjurations
 + Level 4.2 Fire Magic


You had 5 spell levels left.
You knew the following spells:

 Your Spells              Type           Power      Damage    Failure   Level
a - Foxfire               Conj/Fire      100%       2x1d9     1%          1
b - Scorch                Fire           78%        2d9       2%          2
c - Conjure Flame         Conj/Fire      35%        6-21      6%          3
d - Sticky Flame          Conj/Fire      35%        2d5       21%         4

Your spell library contained the following spells:

 Spells                   Type           Power      Damage    Failure   Level
 Beastly Appendage        Tmut           10%        N/A       10%         1
 Inner Flame              Hex/Fire       23%        N/A       12%         3
 Wereblood                Tmut           5%         N/A       14%         2
 Flame Wave               Conj/Fire      35%        2d8       21%         4
 Spider Form              Tmut/Pois      5%         N/A       28%         3
 Storm Form               Tmut/Air       2%         N/A       100%        7


Dungeon Overview and Level Annotations

Branches:
Dungeon (4/15)
 Temple: D:4-7

Altars:

Annotations:
D:3 1 runed translucent door, Crazy Yiuf


Innate Abilities, Weirdness & Mutations

You are too large for most types of armour.
You have tough skin. (AC +1)
You have a pair of small horns on your head.
You occasionally shout uncontrollably at your foes.


Message History

You feel invigorated.
You feel sick. The killer bee stings you.
* * * LOW HITPOINT WARNING * * *
The killer bee barely misses you.
It was a potion of mutation.
You feel extremely strange.
You feel the urge to shout. A pair of horns grows on your head!
* * * LOW HITPOINT WARNING * * *
You feel sick. The killer bee stings you.
* * * LOW HITPOINT WARNING * * *
The killer bee stings you.
* * * LOW HITPOINT WARNING * * *
It was a potion of haste.
You feel yourself speed up.
You feel less invigorated.
You feel less confused.
* * * LOW HITPOINT WARNING * * *
You feel sick.
The killer bee is no longer more vulnerable to fire.
The killer bee barely misses you. The killer bee stings you.
* * * LOW HITPOINT WARNING * * *
You are more poisoned.
The killer bee poisons you!
Casting: Scorch (safe; 2% risk of failure)
Confirm with . or Enter, or press ? or * to list all spells.
You feel a surge of power!
Flames lash the killer bee.
You kill the killer bee!
* * * LOW HITPOINT WARNING * * *
You feel sick. The killer bee closely misses you.
Casting: Scorch (safe; 2% risk of failure)
Confirm with . or Enter, or press ? or * to list all spells.
You feel a surge of power!
Flames lash the killer bee.
The killer bee is burned terribly!
You kill the killer bee!
* * * LOW HITPOINT WARNING * * *
You feel sick.
You have reached level 7!
Casting: Scorch (safe; 2% risk of failure)
Confirm with . or Enter, or press ? or * to list all spells.
You feel a surge of power!
Flames lash the killer bee.
The killer bee is heavily wounded.
The killer bee's fire resistance burns away.
You die...

..........###.######
#............# #.#
............# #.#
........†..# #.#
..........# #.#
.........###.#
#.##.......#)#
#.##.......#.#
+.@y†......#.#
#.##.......#.# #.
#.......#.#
#[##.......#.#
#.#.......##.#
#####.#.......##.#
......#.......##.#
####..........##.######
.......................


You could see a killer bee (combustible).

Vanquished Creatures
  4 killer bees (D:4)
  2 orc priests (D:3)
  An iguana (D:4)
  A hound skeleton (D:4)
  8 adders
  3 dart slugs
  12 orcs
  7 endoplasms
  3 giant cockroaches
  5 goblins
  8 hobgoblins
  5 quokkas
  4 ball pythons
  7 bats
  2 frilled lizards (D:1)
  6 kobolds
  3 rats
81 creatures vanquished.

Vanquished Creatures (collateral kills)
  3 foxfires (D:3)
3 creatures vanquished.

Vanquished Creatures (others)
  257 foxfires
257 creatures vanquished.

Grand Total: 341 creatures vanquished

Notes
Turn   | Place    | Note
-------+----------+-------------------------------------------
     0 | D:1      | ragingrage the Ogre Fire Elementalist began the quest for
                  | the Orb.
     0 | D:1      | Reached XP level 1. HP: 16/16 MP: 3/3
   141 | D:1      | Reached skill level 1 in Conjurations
   408 | D:1      | Found a faded altar of an unknown god.
   514 | D:1      | Reached XP level 2. HP: 16/24 MP: 2/5
  1221 | D:2      | Reached XP level 3. HP: 31/31 MP: 2/7
  1838 | D:2      | Reached skill level 1 in Fighting
  1838 | D:2      | Reached XP level 4. HP: 32/41 MP: 6/8
  1955 | D:2      | Got Coddunic's Grimoire of Gliding Fire
  2027 | D:2      | Learned a level 2 spell: Scorch
  2034 | D:2      | Learned a level 3 spell: Conjure Flame
  2846 | D:3      | Found a runed translucent door.
  2847 | D:3      | Noticed Crazy Yiuf
  3018 | D:3      | Reached XP level 5. HP: 49/49 MP: 10/10
  3727 | D:3      | Learned a level 4 spell: Sticky Flame
  3886 | D:4      | Reached XP level 6. HP: 55/59 MP: 10/12
  4036 | D:4      | Gained mutation: You occasionally shout uncontrollably at
                  | your foes. [potion of mutation]
  4036 | D:4      | Gained mutation: You have a pair of small horns on your
                  | head. [potion of mutation]
  4036 | D:4      | HP: 3/61 [killer bee (3)]
  4039 | D:4      | HP: 1/61 [poisoned by a killer bee]
  4040 | D:4      | Reached XP level 7. HP: 2/68 MP: 8/13
  4040 | D:4      | Succumbed to a killer bee's poison

Illustrated notes

Levels and vault maps discovered:
D:1:      dpeg_arrival_snail, layout_basic, hellmonk_ecumenical_altar_lost_god,
          st_stairs_10, minmay_pentomino_u2
D:2:      layout_basic
D:3:      layout_loops_ring, palyth_stone_intersect, uniq_crazy_yiuf_cottage
D:4:      layout_basic

Skill      XL: |  1  2  3  4  5  6 |
---------------+-------------------+-----
Conjurations   | 1 2 3 |  3.2
Fire Magic     | 3 4 |  4.2
Spellcasting   | 3 4 |  4.5
Fighting       | 1 2 3 |  3.7
Dodging        | |  1.7
Stealth        | |  1.4

Action                   |  1- 3 |  4- 6 |  7- 9 || total
-------------------------+-------+-------+-------++-------
Melee: Unarmed           |    23 |       |       ||    23
       Punch             |     2 |       |       ||     2
       Short sword       |       |     8 |       ||     8
 Cast: Foxfire           |    63 |   118 |       ||   181
       Scorch            |       |    14 |     1 ||    15
       Conjure Flame     |       |     1 |       ||     1
  Use: Potion            |       |     4 |       ||     4
 Stab: Sleeping          |       |     1 |       ||     1
Armor: Robe              |     4 |     6 |       ||    10
Dodge: Dodged            |    16 |    24 |       ||    40

Table legend: (Time is in decaauts)
 A = Elapsed time spent in this place.
 B = Non-inter-level travel time spent in this place.
 C = Inter-level travel time spent in this place.
 D = Time resting spent in this place.
 E = Time spent auto-exploring this place.
 F = Levels seen in this place.
 G = Mean time per level.
                   A        B        C        D        E       F      G
               +--------+--------+--------+--------+--------+-----+--------+
         Total |   4039 |   3910 |    129 |    530 |   2778 |   4 | 1009.8 |
       Dungeon |   4039 |   3910 |    129 |    530 |   2778 |   4 | 1009.8 |
               +--------+--------+--------+--------+--------+-----+--------+

Top non-repeatable levels by time:
     D:2: 1362 daAuts
     D:1: 1307 daAuts
     D:3: 1097 daAuts
     D:4: 272 daAuts
